 Dungeon Crawl Stone Soup version 0.32-a0-290-g598725c5f2 (webtiles) character file.

Game seed: 13512550175971460562

157 Daunt the Cudgeller (level 5, 0/47 HPs)
             Began as a Mountain Dwarf Fighter on Feb 13, 2024.
             Was an Initiate of Ru.
             Slain by Pargi (4 damage)
             ... on level 3 of the Dungeon.
             The game lasted 00:07:18 (1656 turns).

Daunt the Cudgeller (Mountain Dwarf Fighter)        Turns: 1656, Time: 00:07:18

Health: 0/47       AC:  6    Str: 20    XL:     5   Next: 15%
Magic:  5/5        EV:  9    Int:  9    God:    Ru [......]
Gold:   76         SH:  4    Dex:  9    Spells: 4/4 levels left

rFire   . . .        a - +0 flail
rCold   . . .        c - +0 buckler
rNeg    . . .        b - +0 scale mail
rPois   .            (no helmet)
rElec   .            (no cloak)
rCorr   .            (no gloves)
SInv    .            (no boots)
Will    .....        (no amulet) Stlth
                     (no ring)
HPRegen 0.27/turn    (no ring)
MPRegen 0.09/turn

%: no passive effects
@: no status effects
A: runic magic, artefact enchanting
a: Renounce Religion


You were on level 3 of the Dungeon.
You worshipped Ru.
Ru was noncommittal.
You visited 1 branch of the dungeon, and saw 3 of its levels.

You collected 76 gold pieces.

Inventory:

Hand Weapons
 a - a +0 flail (weapon)
Missiles
 h - 6 poisoned darts (quivered)
 m - 10 stones
Armour
 b - a +0 scale mail (worn)
 c - a +0 buckler (worn)
Scrolls
 f - a scroll of enchant armour {unknown}
 i - a scroll of revelation {unknown}
 j - 3 scrolls of teleportation {unknown}
 k - 2 scrolls of identify {unknown}
 l - 2 scrolls of brand weapon {unknown}
 n - a scroll of fear {unknown}
Potions
 e - a potion of lignification {unknown}
 g - 2 potions of ambrosia {unknown}
 o - a potion of invisibility {unknown}
 p - 2 potions of curing {unknown}
 q - a potion of enlightenment {unknown}
 r - a potion of heal wounds {unknown}
 s - a potion of magic {unknown}


   Skills:
 + Level 4.5 Fighting
 * Level 5.5 Maces & Flails
 - Level 3.2 Armour
 - Level 3.2 Shields


You had 4 spell levels left.
You didn't know any spells.
Your spell library contained the following spells:

 Spells                   Type           Power      Damage    Failure   Level
 Freeze                   Ice            0%         1d3       54%         1
 Frozen Ramparts          Ice            0%         1d1       89%         3
 Hailstorm                Conj/Ice       0%         3d5       89%         3


Dungeon Overview and Level Annotations

Branches:
Dungeon (3/15)

Altars:
Ru

Annotations:
D:3 Pargi, Robin


Innate Abilities, Weirdness & Mutations

Your spellcasting is much less encumbered by armour.
You can use scrolls of enchantment on lesser artefacts.


Message History

You miss Pargi.
Pargi is moderately wounded.
Pargi bites you. Pargi claws you. x2
You sock Pargi!
Pargi is heavily wounded.
Pargi closely misses you. Pargi barely misses you.
Pargi claws you but does no damage.
You closely miss Pargi.
Pargi is heavily wounded.
Pargi barely misses you. You block Pargi's attack.
Pargi claws you but does no damage.
You sock Pargi!
Pargi is severely wounded.
Pargi bites you. Pargi claws you but does no damage. You block Pargi's attack.
Pargi closely misses you. x2; Pargi claws you.
You barely miss Pargi.
Pargi is severely wounded.
Pargi barely misses you. Pargi claws you. x2
You closely miss Pargi.
Pargi is severely wounded.
Pargi bites you. Pargi barely misses you. Pargi completely misses you.
You barely miss Pargi.
Pargi is heavily wounded.
Pargi pleads, "Don't hit me!"
Pargi bites you.
* * * LOW HITPOINT WARNING * * *
Pargi claws you but does no damage. Pargi completely misses you.
You thump Pargi!
Pargi is almost dead.
Pargi bites you.
* * * LOW HITPOINT WARNING * * *
Pargi claws you.
* * * LOW HITPOINT WARNING * * *
Pargi barely misses you.
Unknown command.
You barely miss Pargi.
Pargi is almost dead.
Pargi bites you.
You die...
Ru respects your ultimate sacrifice.

. .. ... ###
### ....
..###....
.....##.....#.#
...............
.....).@.#
....####T# .
... .....
#.#### .# .. ..


You could see Pargi.

Vanquished Creatures
  A jelly (D:2)
  4 adders (D:2)
  A dart slug (D:1)
  A ribbon worm (D:2)
  6 endoplasms
  3 giant cockroaches (D:1)
  4 goblins
  6 hobgoblins
  5 jackals
  3 kobolds
  3 quokkas
  4 ball pythons
  4 bats
  A frilled lizard (D:1)
  3 rats
49 creatures vanquished.

Notes
Turn   | Place    | Note
-------+----------+-------------------------------------------
     0 | D:1      | Daunt the Mountain Dwarf Fighter began the quest for the
                  | Orb.
     0 | D:1      | Reached XP level 1. HP: 19/19 MP: 1/1
    45 | D:1      | Reached skill level 3 in Maces & Flails
    78 | D:1      | Reached XP level 2. HP: 23/26 MP: 2/2
   264 | D:1      | Reached XP level 3. HP: 28/33 MP: 3/3
   307 | D:1      | You fall into a shaft and drop 1 floor!
   320 | D:2      | Found a sacrificial altar of Ru.
   325 | D:2      | Found a faded altar of an unknown god.
   349 | D:2      | Reached skill level 4 in Maces & Flails
   366 | D:2      | Became a worshipper of Ru the Awakened
   532 | D:2      | Reached XP level 4. HP: 38/40 MP: 4/4
  1283 | D:2      | Reached skill level 5 in Maces & Flails
  1320 | D:3      | Noticed Pargi
  1534 | D:3      | Noticed Robin
  1548 | D:2      | Reached XP level 5. HP: 22/47 MP: 5/5
  1656 | D:3      | Slain by Pargi

Illustrated notes

Levels and vault maps discovered:
D:1:      heliophobic_arrival_henge, layout_rooms, serial_forest,
          infiniplex_forest_clump_medium, infiniplex_forest_clump_long,
          infiniplex_forest_diagonal, infiniplex_forest_lined_1,
          infiniplex_forest_clump_medium
D:2:      layout_basic, ebering_ecumenical_altar_webs, basic_altar
D:3:      layout_basic, lemuel_doored_altar, minmay_cut_off, uniq_pargi,
          uniq_robin, uniq_terence

Skill      XL: |  1  2  3  4 |
---------------+-------------+-----
Maces & Flails | 3 4 5 |  5.5
Fighting       | 4 |  4.5
Armour         | |  3.2
Shields        | |  3.2

Action                     |  1- 3 |  4- 6 || total
---------------------------+-------+-------++-------
  Melee: Flail             |   101 |   153 ||   254
    Use: Potion            |       |     1 ||     1
 Armour: Scale mail        |    60 |    70 ||   130
  Dodge: Dodged            |    54 |    51 ||   105
  Block: Buckler           |    21 |    19 ||    40

Table legend: (Time is in decaauts)
 A = Elapsed time spent in this place.
 B = Non-inter-level travel time spent in this place.
 C = Inter-level travel time spent in this place.
 D = Time resting spent in this place.
 E = Time spent auto-exploring this place.
 F = Levels seen in this place.
 G = Mean time per level.
                   A        B        C        D        E       F      G
               +--------+--------+--------+--------+--------+-----+--------+
         Total |   1714 |   1594 |    120 |    106 |    851 |   3 |  571.3 |
       Dungeon |   1714 |   1594 |    120 |    106 |    851 |   3 |  571.3 |
               +--------+--------+--------+--------+--------+-----+--------+

Top non-repeatable levels by time:
     D:2: 887 daAuts
     D:1: 793 daAuts
     D:3: 34 daAuts
